 Dungeon Crawl Stone Soup version 0.23.2-40-g277498a001 (webtiles) character file.

Game seed: 14335630304564423935

29506 H0rd4k the Carver (level 13, 0/99 HPs)
             Began as a Human Artificer on Oct 10, 2019.
             Was an Initiate of Gozag.
             Slain by a merfolk
             ... wielding a +0 trident
              (5 damage)
             ... on level 4 of the Lair of Beasts.
             The game lasted 00:58:47 (24344 turns).

H0rd4k the Carver (Human Artificer)                Turns: 24344, Time: 00:58:48

Health: 0/99       AC: 12    Str: 18    XL:     13   Next: 81%
Magic:  20/20      EV: 16    Int: 20    God:    Gozag
Gold:   737        SH:  0    Dex: 14    Spells: 16/22 levels left

rFire    + + .     SeeInvis .   F - +7 long sword of True Grit {slice, rC+++ Int+9}
rCold    + + +     Gourm    .   (no shield)
rNeg     . . .     Faith    .   b - +0 leather armour
rPois    +         Spirit   .   j - +0 helmet
rElec    .         Reflect  +   X - +0 cloak {MR+}
rCorr    .         Harm     .   W - +1 pair of gloves {archery}
MR       +....                  V - +2 pair of boots of the Assassin {Detection Stab+ Stlth++}
Stlth    +++.......             o - amulet of Pusog {Reflect rF+ SH+6}
HPRegen  0.26/turn              e - ring of protection from fire
MPRegen  0.17/turn              E - ring of poison resistance

@: confused, infused, gold aura, mesmerised
A: no striking features
a: Potion Petition, Call Merchant, Bribe Branch, Renounce Religion


You were on level 4 of the Lair of Beasts.
You worshipped Gozag.
Gozag was pleased with you.
You were hungry.

You visited 2 branches of the dungeon, and saw 16 of its levels.
You also visited: Gauntlet.

You collected 3274 gold pieces.
You spent 1232 gold pieces at shops.
You paid 1305 gold pieces to Gozag.

Inventory:

Hand Weapons
 l - a +2 dagger of venom
 s - a +0 blowgun
 A - the +10 shortbow of Kogamm {velocity, -Tele +Fly Int+4}
   (You found it in a Gauntlet)

   Any arrow fired from it inflicts extra damage.
   It affects your intelligence (+4).
   It lets you fly.
   It prevents most forms of teleportation.
 F - the +7 long sword of True Grit (weapon) {slice, rC+++ Int+9}
   (You took it off a minotaur in a Gauntlet)

   It inflicts extra damage upon your enemies.
   It affects your intelligence (+9).
   It renders you almost immune to cold.
 L - a +9 falchion
Missiles
 t - 35 poisoned needles
 u - 11 tomahawks (quivered)
 C - 27 javelins
 U - 234 arrows
Armour
 b - a +0 leather armour (worn)
 j - a +0 helmet (worn)
 V - the +2 pair of boots of the Assassin (worn) {Detection Stab+ Stlth++}
   (You bought it in a shop on level 9 of the Dungeon)

   It makes you much more stealthy.
 W - a +1 pair of gloves of archery (worn)
 X - a +0 cloak of magic resistance (worn)
Magical Staves
 i - an uncursed staff of summoning
 J - an uncursed staff of wizardry
 N - an uncursed staff of power
 R - an uncursed staff of energy
Jewellery
 a - a +3 ring of evasion
 e - a ring of protection from fire (left hand)
 o - the amulet of Pusog (around neck) {Reflect rF+ SH+6}
   (You found it in a Gauntlet)

   [amulet of reflection]

   It shields you and reflects attacks.
   It protects you from fire.
   It affects your SH (+6).
 E - a ring of poison resistance (right hand)
 H - an uncursed ring of flight
 M - an uncursed amulet of magic regeneration
 O - an uncursed ring of resist corrosion
 T - an uncursed amulet of rage
Wands
 c - a wand of flame (62)
 d - a wand of enslavement (5)
 G - a wand of digging (5)
 I - a wand of random effects (33)
 P - a wand of iceblast (9)
Scrolls
 g - 2 scrolls of random uselessness
 h - 5 scrolls of teleportation
 k - 4 scrolls of magic mapping
 w - 9 scrolls of remove curse
 y - 3 scrolls of immolation
 D - 2 scrolls of identify
Potions
 m - 7 potions of agility
 n - a potion of brilliance
 p - 2 potions of cancellation
 q - 4 potions of haste
 r - a potion of might
 v - 3 potions of curing
 x - a potion of mutation
 z - 2 potions of degeneration
 B - 2 potions of ambrosia
 K - a potion of magic
Miscellaneous
 S - a phantom mirror
Comestibles
 f - 8 rations


   Skills:
 + Level 8.6 Fighting
 + Level 7.7(10.6) Short Blades
 + Level 11.4(12.3) Long Blades
 * Level 4.2 Bows
 + Level 0.8 Throwing
 + Level 6.4 Armour
 + Level 7.7 Dodging
 + Level 6.1 Stealth
   Level 2.8 Shields
 + Level 5.1 Spellcasting
 + Level 2.7 Hexes
 + Level 4.7 Charms
 + Level 2.0 Translocations
 + Level 5.3 Evocations


You had 16 spell levels left.
You knew the following spells:

 Your Spells              Type           Power        Failure   Level  Hunger
a - Infusion              Chrm           ###.         1%          1    None
b - Shroud of Golubria    Chrm/Tloc      ###.......   4%          2    None
c - Spectral Weapon       Hex/Chrm       ###.....     9%          3    ##.....

Your spell library contained the following spells:

 Spells                   Type           Power        Failure   Level  Hunger
 Song of Slaying          Chrm           ###.....     2%          2    None
 Confusing Touch          Hex            ###...       4%          1    None
 Apportation              Tloc           ##....       5%          1    None
 Animate Skeleton         Necr           N/A          13%         1    None
 Sandblast                Erth           #.....       13%         1    None
 Summon Small Mammal      Summ           #...         13%         1    None
 Regeneration             Chrm/Necr      ##........   14%         3    ##.....
 Call Imp                 Summ           #.......     21%         2    None
 Passwall                 Tmut/Erth      #.......     21%         2    None
 Summon Guardian Golem    Hex/Summ       ##......     22%         3    ##.....
 Call Canine Familiar     Summ           #.......     36%         3    ##.....
 Stone Arrow              Conj/Erth      #.....       36%         3    ##.....
 Petrify                  Tmut/Erth      #.......     78%         4    ####...
 Summon Ice Beast         Ice/Summ       #.......     78%         4    ####...
 Summon Lightning Spire   Summ/Air       #.......     78%         4    ####...
 Lee's Rapid Deconstruct  Erth           #.........   98%         5    #####..


Dungeon Overview and Level Annotations

Branches:
Dungeon (11/15)            Temple (0/1) D:7            Lair (5/6) D:9
 Shoals (0/4) Lair:4       Spider (0/4) Lair:3          Orc (0/2) D:10
  Slime: Lair:5-6

Altars:
Cheibriados
Gozag
Makhleb
Okawaru
Qazlal
Ru
Trog
Vehumet
Wu Jian
The Shining One

Shops:
D:9 ([   D:11 :

Annotations:
D:9 exclusions: downstairs and upstairs
D:10 exclusion: downstairs, Erolcha
Lair:2 exclusions: fire dragon and 1 more exclusion
Lair:4 Snorg


Message History

Unknown command.
Okay, then.
Unknown command.
You are confused.
You feel invigorated. The merfolk barely misses you.
The merfolk siren hits you with a +0 spear!
* * * LOW HITPOINT WARNING * * *
The merfolk hits you but does no damage.
Unknown command.
The merfolk siren chants its luring song.
The merfolk misses you.
Evoke which item? (* to show all) (? for menu, Esc to quit)
You're too confused!
Unknown command.
Unknown command.
The merfolk siren hits you with a +0 spear!
* * * LOW HITPOINT WARNING * * *
The merfolk hits you from afar with a +0 trident.
You die...
Your body crumbles into a pile of gold.

#...P# #..#...#.... #...##
#......###.. ##### ##P.....# #..
...## ##.....#####.. #>#..##
###.....## #... ≈≈≈≈.m.##.......#
#... #≈≈≈m#......### ##.. {
#.m$...#### ##.. .. ###@.###
###... ...# #### #P.... ##
####....# ######.....
(###.......P #?##P###..#.....P#
............ ...............###
............ ................##
..............T.............#####
.............. ............## #..
####.##....#. ###.###.#..#####..


You could see 2 merfolk and a merfolk siren.

Vanquished Creatures
  Gastronok (D:8)
  A minotaur (Gauntlet)
  Harold (Lair:2)
  A two-headed ogre (D:10)
  A necromancer (Lair:4)
  10 elephants
  A merfolk siren (Lair:4)
  2 black mambas
  A torpor snail (Lair:2)
  11 spiny frogs
  2 komodo dragons
  13 blink frogs
  5 jumping spiders (Lair:3)
  3 hornets
  2 hippogriffs
  4 redbacks (Lair:3)
  3 orc warriors
  A flying skull (Gauntlet)
  3 hogs (D:10)
  29 yaks
  A hungry ghost (D:9)
  A human (D:10)
  7 water moccasins
  4 porcupines
  2 ice beasts
  2 sky beasts
  2 elephant zombies (Lair:4)
  A necrophage (D:7)
  7 ogres
  A wolf (Lair:2)
  6 phantoms
  3 centaurs
  5 crocodiles
  10 bullfrogs
  A water moccasin zombie (D:9)
  A wyvern skeleton (D:9)
  2 scorpions
  2 wights (D:8)
  5 killer bees (D:10)
  A howler monkey (D:6)
  6 electric eels
  7 crimson imps
  2 jellies
  2 quasits
  A bullfrog zombie (D:4)
  A basilisk zombie (Lair:4)
  4 orc priests
  A centaur skeleton (D:9)
  9 hounds
  A bullfrog skeleton (D:7)
  4 iguanas
  5 orc wizards
  Natasha (thrice) (D:3)
  8 worker ants
  2 crocodile zombies (Lair:4)
  2 hound skeletons (D:8)
  6 gnolls
  13 adders
  A shadow imp (D:6)
  An ooze (D:7)
  3 worms
  3 dart slugs
  8 leopard geckos
  30 orcs
  8 giant cockroaches
  8 hobgoblins
  2 jackals (D:1)
  10 kobolds
  7 quokkas
  2 ball pythons
  6 bats
  2 frilled lizards
  13 goblins
  A leopard gecko zombie (D:5)
  10 rats
351 creatures vanquished.

Vanquished Creatures (collateral kills)
  A flying skull (Gauntlet)
  A wolf (Lair:2)
  A big kobold (D:10)
  A wight (D:8)
  An orc wizard (D:6)
  2 orc priests
  3 orcs
  5 kobolds (D:10)
15 creatures vanquished.

Vanquished Creatures (others)
  A flying skull (Gauntlet)
  2 wolves (Lair:2)
  2 wights (D:8)
  A howler monkey (D:8)
  A bush (Lair:4)
  23 fungi
  2 plants
32 creatures vanquished.

Grand Total: 398 creatures vanquished

Notes
Turn   | Place    | Note
-------+----------+-------------------------------------------
     0 | D:1      | H0rd4k the Human Artificer began the quest for the Orb.
     0 | D:1      | Reached XP level 1. HP: 15/15 MP: 3/3
    89 | D:1      | Reached XP level 2. HP: 10/21 MP: 4/4
   479 | D:1      | Reached XP level 3. HP: 19/26 MP: 5/5
  1431 | D:3      | Reached XP level 4. HP: 32/32 MP: 6/6
  1468 | D:3      | Reached skill level 1 in Armour
  1490 | D:3      | Noticed an ogre
  1501 | D:3      | Killed an ogre
  1501 | D:3      | Reached XP level 5. HP: 14/37 MP: 7/7
  1574 | D:3      | Noticed Natasha
  1577 | D:3      | Killed Natasha
  1719 | D:3      | Reached XP level 6. HP: 28/43 MP: 8/8
  2095 | D:3      | Noticed Natasha
  2106 | D:3      | Killed Natasha
  2149 | D:3      | Noticed a sky beast
  2162 | D:3      | Killed a sky beast
  2312 | D:3      | Noticed Natasha
  2326 | D:3      | Killed Natasha
  2326 | D:3      | Reached XP level 7. HP: 31/50 MP: 10/10
  2408 | D:3      | Found a sacrificial altar of Ru.
  2409 | D:3      | Found a burning altar of Makhleb.
  2409 | D:3      | Found a bloodstained altar of Trog.
  3239 | D:4      | Found a burning altar of Makhleb.
  3271 | D:4      | Found an ornate altar of the Wu Jian Council.
  3313 | D:4      | Found a stormy altar of Qazlal.
  3314 | D:4      | Noticed a fire elemental
  3317 | D:4      | Noticed an air elemental
  3445 | D:4      | Found an opulent altar of Gozag.
  3445 | D:4      | Found a radiant altar of Vehumet.
  3486 | D:4      | Became a worshipper of Gozag Ym Sagoz the Greedy
  3675 | D:4      | Reached skill level 1 in Shields
  3820 | D:4      | Noticed a water elemental
  3903 | D:4      | Reached XP level 8. HP: 40/57 MP: 11/11
  3967 | D:5      | Entered Level 5 of the Dungeon
  3976 | D:5      | Reached skill level 5 in Short Blades
  4107 | D:5      | Found a snail-covered altar of Cheibriados.
  5639 | D:6      | Reached XP level 9. HP: 40/64 MP: 12/12
  6434 | D:6      | Found an iron altar of Okawaru.
  6748 | D:7      | Found a staircase to the Ecumenical Temple.
  7892 | D:8      | Noticed a hornet
  7909 | D:8      | Killed a hornet
  7909 | D:8      | Reached skill level 5 in Dodging
  8384 | D:8      | Reached XP level 10. HP: 54/73 MP: 13/13
  8712 | D:8      | Reached skill level 5 in Armour
  8870 | D:8      | Noticed Gastronok
  9164 | D:9      | Reached skill level 5 in Fighting
  9332 | D:9      | Reached skill level 1 in Long Blades
  9636 | D:9      | Reached skill level 5 in Stealth
  9665 | D:9      | Reached skill level 2 in Long Blades
  9860 | D:9      | Found a staircase to the Lair.
  9967 | D:9      | Reached skill level 3 in Long Blades
 10008 | D:9      | Found an opulent altar of Gozag.
 10821 | D:10     | Entered Level 10 of the Dungeon
 10984 | D:10     | Noticed a two-headed ogre
 11048 | D:10     | HP: 2/74 [orc priest/divine providence (10)]
 11103 | D:10     | Killed a two-headed ogre
 11103 | D:10     | Reached skill level 4 in Long Blades
 11560 | D:10     | Reached skill level 5 in Evocations
 11973 | D:10     | Reached skill level 5 in Long Blades
 11980 | D:10     | Reached XP level 11. HP: 53/81 MP: 14/14
 11999 | D:10     | Reached skill level 6 in Long Blades
 12373 | D:10     | Found a staircase to the Orcish Mines.
 12678 | D:10     | Noticed Erolcha
 13147 | D:11     | HP: 2/81 [something (6)]
 13147 | D:11     | Noticed an eight-headed hydra
 13148 | D:11     | Found Ilipn's Book Boutique.
 13173 | D:11     | HP: 1/81 [orc priest/divine providence (7)]
 13741 | D:10     | Learned a level 1 spell: Infusion
 13744 | D:10     | Learned a level 2 spell: Shroud of Golubria
 13770 | Lair:1   | Entered Level 1 of the Lair of Beasts
 13916 | Lair:1   | Reached skill level 7 in Long Blades
 13916 | Lair:1   | Reached skill level 1 in Charms
 13925 | Lair:1   | Reached skill level 1 in Spellcasting
 14531 | Lair:2   | Found a gate leading to a gauntlet.
 14544 | Gauntlet | Entered a Gauntlet
 14544 | Gauntlet | Found a transporter.
 14556 | Gauntlet | Noticed a shining eye
 14557 | Gauntlet | Found a transporter.
 14584 | Gauntlet | Found a transporter.
 14586 | Gauntlet | Found a transporter.
 14588 | Gauntlet | Found a transporter.
 14608 | Gauntlet | Found a transporter.
 14618 | Gauntlet | Found a transporter.
 14620 | Gauntlet | Found a large runed translucent door.
 14620 | Gauntlet | Found a large runed translucent door.
 14621 | Gauntlet | Found a large runed translucent door.
 14621 | Gauntlet | Found a large runed translucent door.
 14622 | Gauntlet | Found a large runed translucent door.
 14622 | Gauntlet | Found a large runed translucent door.
 14622 | Gauntlet | Found a runed translucent door.
 14622 | Gauntlet | Found a runed translucent door.
 14622 | Gauntlet | Found a large runed translucent door.
 14622 | Gauntlet | Found a large runed translucent door.
 14623 | Gauntlet | Found a large runed translucent door.
 14623 | Gauntlet | Found a large runed translucent door.
 14624 | Gauntlet | Found a transporter.
 14641 | Gauntlet | Found a transporter.
 14643 | Gauntlet | Noticed a seven-headed hydra
 14654 | Gauntlet | Found a large runed translucent door.
 14655 | Gauntlet | Found a large runed translucent door.
 14656 | Gauntlet | Found a large runed translucent door.
 14657 | Gauntlet | Found a runed translucent gate.
 14658 | Gauntlet | Found a transporter.
 14658 | Gauntlet | Found a runed translucent gate.
 14658 | Gauntlet | Noticed a wretched star
 14659 | Gauntlet | Found a runed translucent gate.
 14660 | Gauntlet | Found a large runed translucent door.
 14661 | Gauntlet | Found a large runed translucent door.
 14662 | Gauntlet | Found a large runed translucent door.
 14674 | Gauntlet | Found a transporter.
 14686 | Gauntlet | Found a transporter.
 14698 | Gauntlet | Found a transporter.
 14716 | Gauntlet | Found a transporter.
 14716 | Gauntlet | Noticed a hell beast
 14733 | Gauntlet | Found a transporter.
 14751 | Gauntlet | Found a transporter.
 14782 | Gauntlet | Found a transporter.
 14784 | Gauntlet | Found a transporter.
 15199 | Gauntlet | Got a flickering ruby amulet
 15201 | Gauntlet | Got an iridescent shortbow
 15211 | Gauntlet | Identified the amulet of Pusog {Reflect rF+ SH+6} (You
                  | found it in a Gauntlet)
 15212 | Gauntlet | Identified the +10 shortbow of Kogamm {velocity, -Tele +Fly
                  | Int+4} (You found it in a Gauntlet)
 15249 | Gauntlet | Identified the +7 long sword of True Grit {slice, rC+++
                  | Int+9}
 15249 | Gauntlet | Noticed a minotaur
 15269 | Gauntlet | Killed a minotaur
 16100 | Lair:2   | Noticed Harold
 16187 | Lair:3   | Reached skill level 8 in Long Blades
 16189 | Lair:3   | Reached XP level 12. HP: 52/91 MP: 5/16
 16864 | Lair:3   | Reached skill level 9 in Long Blades
 16980 | Lair:3   | Found a hole to the Spider Nest.
 18325 | Lair:2   | Noticed a fire dragon
 18389 | Lair:2   | Reached skill level 1 in Translocations
 19350 | Lair:2   | Killed Harold
 19350 | Lair:2   | Reached skill level 10 in Long Blades
 20864 | D:8      | Killed Gastronok
 20864 | D:8      | Reached skill level 1 in Bows
 20864 | D:8      | Reached XP level 13. HP: 42/98 MP: 8/19
 21131 | D:9      | Bought the +2 pair of boots of the Assassin {Detection
                  | Stab+ Stlth++} for 840 gold pieces
 21131 | D:9      | Found the +2 pair of boots of the Assassin {Detection Stab+
                  | Stlth++}
 21131 | D:9      | Bought a +1 pair of gloves of archery for 231 gold pieces
 21131 | D:9      | Bought a +0 cloak of magic resistance for 161 gold pieces
 21600 | Lair:1   | Found a glowing golden altar of the Shining One.
 21968 | Lair:1   | Reached skill level 11 in Long Blades
 22422 | Lair:1   | Learned a level 3 spell: Spectral Weapon
 22729 | Lair:2   | Reached skill level 1 in Hexes
 23613 | Lair:3   | Reached skill level 5 in Spellcasting
 24053 | Lair:4   | Noticed Snorg
 24324 | Lair:4   | Found a staircase to the Shoals.
 24344 | Lair:4   | Slain by a merfolk

Skill      XL: |  1  2  3  4  5  6  7  8  9 10 11 12 13 |
---------------+----------------------------------------+-----
Armour         | 2 3 4 5 6 |  6.4
Short Blades   | 2 3 4 6 7 |  7.7
Fighting       | 2 3 4 5 7 8 |  8.6
Dodging        | 3 4 5 6 7 |  7.7
Evocations     | 4 5 |  5.3
Shields        | 1 2 |  2.8
Stealth        | 3 4 5 6 |  6.1
Long Blades    | 5 8 10 11 | 11.4
Charms         | 2 4 |  4.7
Spellcasting   | 3 4 5 |  5.1
Translocations | 1 2 |  2.0
Bows           | 1 4 |  4.2
Hexes          | 2 |  2.7
Throwing       | |  0.8

Action                   |  1- 3 |  4- 6 |  7- 9 | 10-12 | 13-15 || total
-------------------------+-------+-------+-------+-------+-------++-------
Melee: Short sword       |   100 |       |       |       |       ||   100
       Dagger            |    24 |    74 |   619 |    57 |       ||   774
       Falchion          |       |       |       |   363 |       ||   363
       Long sword        |       |       |       |   281 |   192 ||   473
Throw: Tomahawk          |       |       |     5 |     3 |       ||     8
 Cast: Infusion          |       |       |       |    25 |    13 ||    38
       Shroud of Golubri |       |       |       |    17 |    11 ||    28
Invok: Call Merchant     |       |       |       |       |     2 ||     2
Evoke: Wand              |     6 |     7 |    14 |    26 |     1 ||    54
  Use: Scroll            |       |     4 |     1 |    19 |     2 ||    26
       Potion            |       |       |     1 |    13 |     1 ||    15
 Stab: Sleeping          |     1 |       |     7 |    10 |     2 ||    20
       Distracted        |       |       |     3 |     2 |     1 ||     6
       Paralysed         |       |       |       |     3 |       ||     3
  Eat: Chunk             |     2 |     2 |     4 |       |       ||     8
       Ration            |       |       |     5 |    13 |     3 ||    21
Armor: Leather armour    |    35 |    14 |    85 |    93 |    45 ||   272
       Skin              |       |       |       |     9 |       ||     9
Dodge: Dodged            |   106 |    30 |   244 |   382 |   120 ||   882
Block: Buckler           |       |     6 |    52 |       |       ||    58
       Other             |       |       |       |    42 |    42 ||    84
       Reflection        |       |       |       |     1 |       ||     1
       Rpst.: Falchion   |       |       |       |    69 |       ||    69
       Long sword        |       |       |       |    38 |    33 ||    71
